Map: Oxide LE

Players

Massa

  • Race: Terran Terran
  • League: Platinum
  • Spawn Location: 1:00

JohoSaft - Winner!

  • Race: Protoss Protoss
  • League: Platinum
  • Spawn Location: 7:00

VOD

Have the link to the VOD?

Description

Time

  • Played on: Oct. 22, 2020, 1:24 p.m.
  • Length: 22:47
Show
View Real Time Build Order
Export as new Build Order

Massa Terran 

Build Orders: Gas First Reaper Expand 

Get SALT Encoding   

  12  0:01  SCV  
  13  0:13  SCV  
  14  0:22  Supply Depot  
  14  0:26  SCV  
  15  0:30  Refinery  
  15  0:43  SCV  
  15  0:45  Barracks  
  16  0:55  SCV  
  17  1:08  SCV  
  18  1:22  SCV  
  19  1:34  Reaper  
  19  1:37  Orbital Command  
  20  1:47  Command Center  
  20  2:05  Marine  
  20  2:07  SCV, Factory  
  22  2:20  SCV  
  23  2:26  Barracks Reactor  
  23  2:33  Supply Depot  
  23  2:54  Supply Depot  
  23  2:55  SCV  
  24  2:58  Engineering Bay  
  24  3:04  Orbital Command  
  24  3:07  SCV  
  25  3:17  Command Center  
  25  3:19  SCV  
  26  3:23  Refinery  
  26  3:28  Hellion  
  26  3:30  Barracks Reactor  
  26  3:31  SCV  
  29  3:34  SCV  
  29  3:37  Hellion  
  32  3:49  Starport  
  32  3:50  Hellion  
  34  3:57  SCV  
  34  3:58  SCV, Hellion  
  38  4:09  SCV  
  39  4:10  SCV  
  39  4:11  Hellion  
  39  4:15  Marine x2  
  44  4:21  SCV  
  44  4:22  SCV  
  46  4:28  Medivac  
  48  4:33  Widow Mine, SCV, Marine x2  
  48  4:34  SCV  
  54  4:38  Orbital Command  
  54  4:45  SCV  
  55  4:46  SCV  
  55  4:47  Refinery  
  55  4:51  Marine x2  
  58  4:53  Terran Infantry Weapons Level 1  
  58  4:57  Widow Mine, SCV  
  58  4:58  Liberator  
  64  5:08  Widow Mine  
  64  5:09  SCV x2  
  64  5:10  Orbital Command  
  69  5:21  SCV  
  69  5:27  Supply Depot  
  69  5:33  Supply Depot  
  69  5:35  Supply Depot  
  69  5:36  Widow Mine, SCV x2  
  69  5:38  Supply Depot  
  69  5:39  SCV, Supply Depot  
  64  5:48  SCV x2  
  66  5:51  SCV  
  66  5:55  Bunker  
  67  6:00  SCV x2  
  67  6:03  SCV  
  67  6:12  SCV x2  
  67  6:15  SCV  
  64  6:18  Marine  
  64  6:19  Marine  
  64  6:32  Widow Mine x2  
  67  6:36  Marine x2  
  69  6:40  Barracks  
  69  6:41  Barracks  
  69  6:42  Barracks  
  69  6:53  Widow Mine x2, SCV x3  
  76  6:54  Marine x2  
  76  6:58  Liberator  
  81  7:05  SCV x2  
  83  7:12  Marine x2  
  83  7:15  Widow Mine  
  82  7:30  Marine x2  
  82  7:31  Barracks Tech Lab  
  78  7:47  Marine  
  78  7:48  Marine  
  74  7:59  Marine x2  
  74  8:04  Stimpack  
  73  8:05  Marine x2  
  73  8:17  Marine x2  
  65  8:29  Medivac  
  65  8:32  Marauder, Marine x2  
  71  8:35  Marine x2  
  71  8:39  Barracks x2  
  73  8:41  Barracks  
  73  8:44  Barracks  
  73  8:45  Barracks  
  73  8:50  Factory, Marine x2  
  73  8:52  Factory  
  73  8:53  Marauder, Marine  
  73  8:55  Supply Depot x2  
  79  8:56  Supply Depot  
  79  8:57  Supply Depot  
  79  8:59  Medivac  
  79  9:02  Supply Depot  
  81  9:03  Supply Depot  
  81  9:07  Marine  
  81  9:08  Barracks Tech Lab, Marine  
  82  9:12  Barracks Tech Lab  
  82  9:14  Marauder  
  84  9:23  Engineering Bay  
  84  9:24  Armory  
  84  9:25  Marine x2  
  84  9:26  Armory  
  84  9:30  Terran Infantry Armor Level 1  
  86  9:32  Concussive Shells  
  86  9:33  Combat Shield  
  86  9:36  Marauder  
  88  9:56  Marauder x2, Marine x2  
  88  9:57  Marauder, Marine x3  
  99  10:11  Medivac  
  99  10:12  Factory Tech Lab x2  
  99  10:14  Marine x5  
  101  10:17  Widow Mine x2, Marauder x2  
  101  10:19  Marauder  
  116  10:23  Refinery  
  116  10:24  Terran Infantry Weapons Level 2  
  116  10:27  Barracks Reactor, Barracks Tech Lab  
  115  10:38  Marauder  
  115  10:39  Widow Mine x2, Marauder  
  115  10:40  Marauder  
  115  10:41  Medivac  
  121  11:00  Widow Mine x2  
  125  11:07  Supply Depot  
  125  11:09  Supply Depot, Siege Tank x2  
  131  11:11  Medivac  
  131  11:12  Supply Depot  
  131  11:15  Supply Depot  
  133  11:19  Supply Depot  
  133  11:23  Command Center  
  133  11:29  Widow Mine x2  
  133  11:30  Missile Turret  
  133  11:32  Missile Turret  
  137  11:35  Missile Turret  
  137  11:39  Terran Vehicle Weapons Level 1  
  137  11:41  Medivac, Siege Tank  
  142  11:56  Missile Turret  
  123  12:17  Missile Turret  
  84  12:34  Marauder x3, Marine  
  84  12:35  Siege Tank x2  
  97  12:54  Marine x4  
  97  12:55  Marauder x2, Marine  
  97  12:56  Marauder  
  87  13:07  Siege Tank x2  
  87  13:11  Marine  
  87  13:12  Marine x4  
  91  13:15  Viking  
  91  13:17  Marauder x3  
  95  13:29  Marine x2  
  97  13:36  Marine x3  
  97  13:38  Marauder x3  
  97  13:39  Siege Tank x2  
  112  13:45  Planetary Fortress  
  112  13:59  Marauder  
  112  14:00  Marauder x2  
  118  14:13  Barracks Tech Lab  
  118  14:18  Command Center  
  118  14:21  Marauder  
  94  14:50  Refinery  
  94  14:55  Refinery  
  94  14:57  Marauder x4  
  94  14:59  Siege Tank  
  105  15:18  Marauder x2  
  113  15:28  Siege Tank  
  113  15:31  Siege Tank  
  113  15:32  Widow Mine  
  113  15:33  Widow Mine  
  119  15:40  Viking  
  121  15:54  Widow Mine x2  
  125  16:01  Siege Tank  
  128  16:15  Widow Mine  
  128  16:17  Viking  
  132  16:26  Planetary Fortress  
  132  16:38  SCV x3  
  135  16:42  Marauder x3, Marine x4  
  135  16:43  Marauder  
  147  16:47  Viking  
  147  16:50  SCV x2  
  151  16:59  Marine  
  151  17:00  Marine x2  
  152  17:03  Marauder  
  152  17:04  Marauder x2  
  142  17:29  SCV x4, Missile Turret  
  146  17:30  Missile Turret  
  146  17:31  Missile Turret  
  146  17:41  SCV x2  
  148  17:45  SCV x2  
  150  17:53  SCV x2  
  150  17:57  SCV x2  
  154  17:59  Terran Infantry Armor Level 2, Terran Infantry Weapons Level 3  
  154  18:05  SCV  
  151  18:15  Widow Mine x2  
  151  18:18  Siege Tank x2  
  161  18:20  Smart Servos  
  161  18:21  Drilling Claws  
  159  18:36  Widow Mine x2  
  159  18:50  Siege Tank x2  
  153  19:16  Marauder x4  
  159  19:18  Widow Mine  
  159  19:19  Widow Mine  
  159  19:22  Siege Tank x2  
  169  19:26  Refinery  
  169  19:27  Refinery  
  169  19:34  Command Center  
  169  19:37  Marauder x2  
  173  19:40  Widow Mine x2  
  166  19:54  Siege Tank x2  
  124  20:03  Marauder x3  
  103  20:15  Marauder, Marine x2  
  103  20:16  Marine x2  
  103  20:18  Viking  
  111  20:24  Marauder x3  
  111  20:26  Siege Tank  
  116  20:37  Marauder  
  108  20:45  Marauder  
  108  20:48  Viking  
  109  21:03  Marine  
  109  21:04  Marauder x3, Marine x3  
  103  21:07  Marauder  
  77  21:35  Marauder x4, Marine  
  77  21:36  Marine x3  
  84  21:53  Marine x4  
  78  21:56  Marauder x2, Marine x2  
  80  22:11  Marine x4  
  80  22:14  Marauder x2  
  85  22:17  Marauder  
  85  22:18  Marauder  
Show
View Real Time Build Order
Export as new Build Order

JohoSaft Protoss - Winner!

Build Orders: Blink Stalkers 

Get SALT Encoding   

  12  0:00  Probe  
  13  0:20  Pylon  
  13  0:22  Probe  
  14  0:34  Probe  
  15  0:40  Gateway  
  15  0:46  Probe (Chrono Boost)  
  16  0:57  Assimilator  
  16  0:58  Probe (Chrono Boost)  
  16  1:01  Assimilator  
  17  1:05  Probe (Chrono Boost)  
  18  1:12  Probe  
  19  1:25  Probe  
  20  1:32  Cybernetics Core  
  20  1:37  Probe  
  21  1:47  Nexus  
  21  1:54  Probe (Chrono Boost)  
  22  2:03  Pylon  
  22  2:09  Probe  
  22  2:10  Pylon  
  23  2:20  Warp Gate, Adept (Chrono Boost)  
  24  2:33  Probe  
  25  2:43  Twilight Council  
  25  2:50  Probe  
  26  2:52  Gateway  
  26  2:53  Gateway  
  26  2:57  Stalker  
  28  3:10  Probe  
  28  3:12  Probe  
  30  3:13  Forge  
  30  3:16  Blink (Chrono Boost)  
  30  3:31  Stalker  
  30  3:33  Probe  
  33  3:34  Probe, Protoss Ground Weapons Level 1 (Chrono Boost)  
  34  3:52  Probe  
  36  3:55  Probe  
  36  3:59  Assimilator  
  36  4:00  Assimilator  
  36  4:05  Probe  
  35  4:20  Stalker x3  
  41  4:36  Probe x2  
  43  4:39  Robotics Facility  
  43  4:40  Pylon  
  43  4:42  Pylon  
  43  4:48  Probe x2  
  45  4:59  Shield Battery, Pylon  
  45  5:01  Shield Battery  
  45  5:03  Stalker  
  45  5:04  Stalker  
  49  5:18  Charge  
  49  5:26  Probe x2  
  51  5:28  Gateway  
  51  5:31  Gateway  
  51  5:43  Warp Prism  
  51  5:46  Protoss Ground Weapons Level 2  
  53  6:01  Probe x2  
  55  6:08  Stalker  
  55  6:09  Nexus  
  57  6:11  Pylon x2  
  57  6:13  Probe x2  
  50  6:36  Probe x2  
  52  6:48  Probe  
  52  6:51  Pylon  
  52  6:53  Pylon  
  53  6:58  Stalker x3  
  53  6:59  Stalker x2  
  63  7:03  Probe x2  
  63  7:07  Gateway  
  65  7:10  Gateway  
  65  7:14  Robotics Bay  
  61  7:32  Probe x3  
  61  7:34  Stalker x5  
  68  7:44  Probe x2  
  68  7:50  Shield Battery  
  64  8:01  Stalker x4  
  64  8:04  Probe x3  
  75  8:19  Colossus (Chrono Boost)  
  81  8:37  Probe x3  
  81  8:39  Stalker x4  
  81  8:40  Stalker  
  94  8:49  Probe x3  
  97  9:01  Probe  
  98  9:09  Templar Archives, Colossus (Chrono Boost)  
  98  9:12  Assimilator  
  98  9:14  Assimilator  
  104  9:28  Zealot x6  
  116  9:36  Pylon  
  112  9:50  Stalker x2  
  116  9:56  Stalker  
  116  9:57  Stalker  
  121  10:14  Probe x2  
  107  10:45  Colossus (Chrono Boost)  
  107  10:47  Protoss Ground Weapons Level 3 (Chrono Boost)  
  105  11:31  High Templar x4  
  105  11:32  Observer, High Templar x3  
  120  11:37  Archon x3  
  120  11:38  Extended Thermal Lance (Chrono Boost)  
  120  11:39  Nexus  
  120  11:42  Pylon  
  120  11:43  Pylon  
  120  11:45  Pylon  
  120  11:48  Gateway  
  120  11:51  Gateway  
  120  11:52  Gateway  
  120  11:57  Gateway  
  120  11:59  Colossus  
  126  12:03  Assimilator  
  126  12:06  Assimilator  
  126  12:07  Pylon  
  126  12:08  Pylon  
  122  12:09  Pylon  
  122  12:12  Pylon  
  90  12:35  Psionic Storm  
  90  12:37  Pylon  
  90  12:38  Stalker x5  
  90  12:39  Pylon  
  99  13:05  Warp Prism  
  89  13:19  High Templar x4  
  97  13:20  High Templar x3  
  97  13:26  Archon x3, Pylon  
  103  13:27  Pylon  
  103  13:31  Probe  
  103  13:32  Probe x2  
  106  13:37  Gateway  
  106  13:40  Gateway  
  106  13:41  Gateway  
  106  13:44  Probe, Gateway  
  106  13:46  Gateway  
  106  13:47  Gateway  
  103  14:05  Zealot x5  
  103  14:06  Zealot x4  
  85  14:45  High Templar x3  
  87  14:46  High Templar x6  
  87  14:47  Zealot  
  87  14:48  Zealot x5  
  115  15:05  Robotics Facility  
  115  15:06  Robotics Facility  
  115  15:08  Probe x3  
  115  15:09  Pylon x2  
  115  15:11  Nexus  
  115  15:12  Stalker x2  
  115  15:13  Pylon, Stalker x2  
  126  15:14  Zealot x2  
  126  15:18  Warp Prism  
  132  15:25  Protoss Shields Level 1 (Chrono Boost)  
  132  15:37  Probe  
  132  15:38  Probe  
  132  15:42  Zealot x5  
  142  15:43  Zealot x5  
  142  15:44  Zealot x5  
  142  15:49  Archon x2  
  164  15:54  Observer  
  163  15:57  Observer x2  
  163  16:48  Zealot  
  163  16:49  Zealot x5  
  163  16:50  Zealot x3  
  163  16:51  Zealot x2  
  185  17:06  Disruptor x3  
  192  17:10  Sentry x3  
  192  17:11  Sentry x5  
  188  17:41  Disruptor  
  189  17:56  Assimilator x2  
  189  18:09  High Templar x3  
  189  18:10  High Templar x2  
  175  19:04  Warp Prism  
  175  19:05  Immortal x2  
  171  19:17  Probe x3  
  161  19:19  Zealot  
  161  19:20  Zealot x6  
  161  19:21  Zealot x5  
  161  19:22  Zealot  
  188  19:40  Warp Prism  
  188  19:44  Observer, Immortal  
  145  20:05  Colossus  
  112  20:24  Stalker x5  
  112  20:25  Stalker x6  
  112  20:26  Stalker x3  
  112  20:27  Stalker  
  136  20:32  Observer x2  
  122  20:53  Observer  
  122  20:54  Zealot x5  
  122  20:55  Zealot x6  
  122  20:56  Zealot x2  
  145  21:07  Stalker x2  
  145  21:09  Immortal x2  
  145  21:14  Immortal  
  127  21:24  Stalker  
  127  21:25  Stalker x7  
  127  21:26  Stalker x5  
  123  21:47  High Templar x2  
  123  21:48  Zealot, Immortal x2  
  123  21:49  Zealot x6  
  123  21:50  Zealot x3  
  123  21:54  Immortal  
  159  22:07  Zealot x3  
  113  22:34  Zealot x4  
  113  22:35  Zealot x6  
  113  22:36  Zealot x2  
Tags
 
Add a new tag
Caveats
  • Supply blocks, unpowered buildings, or Contaminate may cause inaccurate times.
  • Supply counts are checked every 10 seconds.